[Event "Betsys MČR v online bleskovém šachu 2021"]
[Site "Chess.com"]
[Date "2021.04.17"]
[Round "1"]
[White "KatkaZ"]
[Black "MaTpAt113"]
[Result "1-0"]
[WhiteElo "1875"]
[BlackElo "850"]
[TimeControl "180+1"]
[EndTime "9:06:53 PDT"]
[Termination "Uživatel KatkaZ zvítězil po vzdání soupeře"]

1. Nf3 c6 2. g3 d5 3. Bg2 Bf5 4.
d3 e6 5. Nbd2 Bd6 6. O-O Nf6 7. c3 O-O 8. Re1 c5 9. e4 dxe4 10.
dxe4 Nxe4 11. Nxe4 Bc7 12. Qxd8 Rxd8 13. Nxc5 Nc6 14.
Nxb7 Rdb8 15. Nc5 Rb5 16. b4 Rd8 17. a4 Rbb8 18. Nh4 Ne5 19. Nxf5 exf5 20. Na6 Nd3 21. Rf1 Nxb4 22. cxb4 Rbc8 23. Nxc7 Rxc7 24. Be3 Rcd7 25. Bc6 Rc7 26. b5 Re7 27. Rad1 Rde8 28. Bxe8 Rxe8 29. Bxa7 1-0

[Event "Betsys MČR v online bleskovém šachu 2021"]
[Site "Chess.com"]
[Date "2021.04.17"]
[Round "1"]
[White "Bancroft"]
[Black "EXTREME_STRATEGY007"]
[Result "1-0"]
[WhiteElo "1940"]
[BlackElo "1075"]
[TimeControl "180+1"]
[EndTime "9:06:58 PDT"]
[Termination "Uživatel Bancroft zvítězil po vzdání soupeře"]

1. d4 Nf6 2. c4 g6 3. Nc3 Bg7 4. e4 d6 5. Nf3 O-O 6. Be2 Nbd7 7. O-O c5 8. d5 Nb6 9. Qc2 Bg4 10. Ne1 Bxe2 11.
Qxe2 Qd7 12. h3 e6 13. Bf4 exd5 14. cxd5 Rfe8 15. Qc2 Nh5 16. Bh2 Re7 17. f3 Rae8 18.
a4 a5 19. Nb5 Be5 20. Bxe5 Rxe5 21. Nd3 R5e7 22. Qf2 Kg7 23. Rae1 Kg8 24. g4 Nf6 25. Qg3 Kg7 26. Nxd6 c4 27. Nxe8+ Rxe8 28. Nf2 Nxa4 29. Nd1 Qc7 30. Qxc7 1-0

[Event "Betsys MČR v online bleskovém šachu 2021"]
[Site "Chess.com"]
[Date "2021.04.17"]
[Round "1"]
[White "ReitteN"]
[Black "Varinius"]
[Result "0-1"]
[WhiteElo "1774"]
[BlackElo "2449"]
[TimeControl "180+1"]
[EndTime "9:07:00 PDT"]
[Termination "Uživatel Varinius zvítězil po vzdání soupeře"]

1. c4 e5 2. Nc3 Nf6 3. g3 d5 4.
cxd5 Nxd5 5. Bg2 Nb6 6. d3 Be7 7. Nf3 Nc6 8. O-O O-O 9. a3 Re8 10. Be3 Bf8 11. Rc1 Nd4 12. Bxd4 exd4 13. Ne4 c6 14. b4 Bg4 15. h3 Bxf3 16. Bxf3 Qd7 17. Kh2 Nd5 18. Qd2 h6 19. Nc5 Bxc5 20. Bxd5 Qxd5 21.
Rxc5 Qe6 22. Re1 Re7 23. Qb2 Qd6 24. Qd2 Rae8 25. Rc2 Qd5 26. Rc4 Kh7 27. Qf4 Rxe2 28. Rxe2 Rxe2 29. Rxd4 Qe6 30. Qe4+ Rxe4 31. Rxe4 Qb3 0-1

[Event "Betsys MČR v online bleskovém šachu 2021"]
[Site "Chess.com"]
[Date "2021.04.17"]
[Round "1"]
[White "Ladislav1969"]
[Black "jonvon640"]
[Result "1-0"]
[WhiteElo "2322"]
[BlackElo "1673"]
[TimeControl "180+1"]
[EndTime "9:07:03 PDT"]
[Termination "Uživatel Ladislav1969 zvítězil matem"]

1. e4 c5 2. d4 cxd4 3. c3 dxc3 4. Nxc3 Nc6 5. Nf3 g6 6. Bc4 Bg7 7. e5 Nxe5 8. Nxe5 Bxe5 9. Bxf7+ Kxf7 10. Qd5+ e6 11. Qxe5 Qf6 12. Qg3 h6 13. O-O g5 14.
Ne4 Qg7 15. Nd6+ Ke7 16. Bd2 Nf6 17. Bb4 Kd8 18. Rac1 Ne8 19. Bc3 Nf6 20. Qe5 Rf8 21. Ne4 Ke7 22. Bb4+ Ke8 23. Bxf8 Qxf8 24. Nxf6+ Ke7 25.
Nd5+ Kd8 26. Nc7 Qf5 27. Qh8+ Ke7 28. Nxa8 Qf6 29. Qxc8 h5 30. Rfd1 h4 31. Rxd7# 1-0

[Event "Betsys MČR v online bleskovém šachu 2021"]
[Site "Chess.com"]
[Date "2021.04.17"]
[Round "1"]
[White "czlolcz"]
[Black "povrlak60"]
[Result "1-0"]
[WhiteElo "2180"]
[BlackElo "1518"]
[TimeControl "180+1"]
[EndTime "9:07:05 PDT"]
[Termination "Uživatel czlolcz zvítězil po vzdání soupeře"]

1. d4 Nf6 2. c4 g6 3. Nc3 Bg7 4. e4 d6 5. Nf3 O-O 6. h3 e5 7. dxe5 dxe5 8. Qxd8 Rxd8 9. Nd5 Nxd5 10. cxd5 c6 11.
Bc4 cxd5 12. Bxd5 Nc6 13. Bg5 Re8 14. O-O-O h6 15. Be3 Be6 16. Bxe6 Rxe6 17. Rd7 Re7 18. Rhd1 Rae8 19. Bc5 Rxd7 20. Rxd7 b6 21. Ba3 Ra8 22.
Rc7 Nd4 23. Nxd4 exd4 24. Kd2 Be5 25. Re7 Bf6 26. Rd7 Kg7 27. Kd3 g5 28. b3 Kg6 29.
Bb2 a5 30. Rd6 Rb8 31. e5 1-0

[Event "Betsys MČR v online bleskovém šachu 2021"]
[Site "Chess.com"]
[Date "2021.04.17"]
[Round "1"]
[White "VitaRasik"]
[Black "dnovotny"]
[Result "1-0"]
[WhiteElo "2616"]
[BlackElo "1801"]
[TimeControl "180+1"]
[EndTime "9:07:06 PDT"]
[Termination "Uživatel VitaRasik zvítězil na čas"]

1. e4 e5 2. Nf3 Nc6 3. Bb5 a6 4. Ba4 Nf6 5. d4 Nxe4 6. O-O Be7 7. Re1 d5 8. Nxe5 Bd7 9. Nxd7 Qxd7 10. c4 O-O 11. cxd5 Qxd5 12. Nc3 Nxc3 13. bxc3 Rfe8 14. Bb3 Qf5 15. Bc2 Qf6 16. Bd2 Bd6 17. Qh5 g6 18.
Qh6 Bf8 19. Qg5 Qd6 20. Bf4 Qa3 21. Bb3 Rxe1+ 22. Rxe1 Nd8 23. Bxc7 Bd6 24. Bxd8 1-0

[Event "Betsys MČR v online bleskovém šachu 2021"]
[Site "Chess.com"]
[Date "2021.04.17"]
[Round "1"]
[White "JindrichT_CZE"]
[Black "121pepa"]
[Result "1-0"]
[WhiteElo "2097"]
[BlackElo "1416"]
[TimeControl "180+1"]
[EndTime "9:07:06 PDT"]
[Termination "Uživatel JindrichT_CZE zvítězil na čas"]

1. e4 c5 2. c4 e6 3. Nc3 Nc6 4. g3 Qc7 5. Bg2 Nf6 6. Nge2 Be7 7. O-O O-O 8. d4 cxd4 9. Nxd4 d6 10. Ndb5 Qd8 11.
Bg5 a6 12. Bxf6 Bxf6 13. Nxd6 Bd7 14. Nxb7 Qb6 15. Nd6 Nd4 16. e5 Bxe5 17. Bxa8 Bxd6 18. Bg2 Rc8 19. b3 Bc6 20. Bxc6 Rxc6 21. Ne4 Nf5 22. Nxd6 Rxd6 23. Qe2 Qc6 24. Rad1 Nd4 25. Rxd4 Rxd4 26. Rd1 Rxd1+ 27. Qxd1 Kf8 28. Qd8+ Qe8 29. Qxe8+ Kxe8 30. f4 Kd7 31. Kf2 g6 32. Ke3 Kd6 33. Kd4 f6 34. b4 e5+ 35. fxe5+ fxe5+ 36. Ke4 h6 37. a4 Ke6 38. c5 Kd7 39. Kxe5 g5 40. Kd5 g4 41. b5 axb5 42. axb5 Kc7 43. Ke5 Kd7 44. Kf5 1-0

[Event "Betsys MČR v online bleskovém šachu 2021"]
[Site "Chess.com"]
[Date "2021.04.17"]
[Round "1"]
[White "VOJTASEK2009"]
[Black "PetrSoucek"]
[Result "0-1"]
[WhiteElo "1299"]
[BlackElo "2021"]
[TimeControl "180+1"]
[EndTime "9:07:06 PDT"]
[Termination "Uživatel PetrSoucek zvítězil matem"]

1. e4 c5 2. Nf3 d6 3. d4 cxd4 4. Nxd4 Nf6 5. Nc3 g6 6. Ke2 Bg7 7. Ke1 O-O 8. Be2 Nc6 9. Be3 d5 10. e5 Nxe5 11. Qd2 Nc6 12. f3 e5 13. Nb3 d4 14.
Nd1 dxe3 15. Qxd8 Rxd8 16. Nxe3 Be6 17. Kf2 Bf8 18. Rhf1 a5 19. a4 Bxb3 20. cxb3 Bc5 21. Rac1 Bb6 22. Rc3 Nd5 23. Rd3 Ncb4 24. Rdd1 Nxe3 25.
Rxd8+ Rxd8 26. Rc1 Rd2 27. Ke1 Rxb2 28. Rc8+ Kg7 29.
Bc4 Nxc4 30. bxc4 Nd3+ 31. Kd1 Be3 32. Rc7 Rd2# 0-1

[Event "Betsys MČR v online bleskovém šachu 2021"]
[Site "Chess.com"]
[Date "2021.04.17"]
[Round "1"]
[White "ikovacs"]
[Black "Classemence"]
[Result "0-1"]
[WhiteElo "1050"]
[BlackElo "1929"]
[TimeControl "180+1"]
[EndTime "9:07:08 PDT"]
[Termination "Uživatel Classemence zvítězil po vzdání soupeře"]

1. d4 Nf6 2. e3 d5 3. g3 c5 4. dxc5 e5 5. Bg2 Be6 6. Nf3 Nc6 7. O-O Bxc5 8. c3 O-O 9. b4 Bd6 10. Bb2 Qc7 11. a3 Rac8 12. Nbd2 Rfd8 13. h4 h6 14. c4 dxc4 15. Nxc4 Bxc4 16. Re1 Bxb4 17. axb4 Rxd1 18. Raxd1 Nxb4 19. Bxe5 Qb6 20. Bd4 Qe6 21. Rc1 Bd5 22. Rxc8+ Qxc8 23. Kh2 Qc6 24. Rg1 Bxf3 25. Bxf3 Qxf3 26. Bxf6 Qxf6 27. Rb1 Qxf2+ 28. Kh3 Qf5+ 29. Kg2 Qxb1 30. Kf3 Qf5+ 31. Kg2 Nd3 0-1

[Event "Betsys MČR v online bleskovém šachu 2021"]
[Site "Chess.com"]
[Date "2021.04.17"]
[Round "1"]
[White "psvoboda72"]
[Black "Trickov"]
[Result "0-1"]
[WhiteElo "1737"]
[BlackElo "2385"]
[TimeControl "180+1"]
[EndTime "9:07:09 PDT"]
[Termination "Uživatel Trickov zvítězil po vzdání soupeře"]

1. Nf3 d5 2. b3 c5 3. Bb2 Nc6 4. e3 Nf6 5. Bb5 a6 6. Bxc6+ bxc6 7. Ne5 Qc7 8. O-O g6 9. f4 Bg7 10. d3 O-O 11. Nd2 a5 12. a4 Rb8 13. Ndf3 Ba6 14. g4 c4 15. dxc4 dxc4 16. Rf2 Nxg4 17. Nxg4 Bxb2 18.
Rb1 Bg7 19. Qe1 cxb3 20. cxb3 Rb4 21. Rc1 Rxb3 22. Nfe5 c5 23. Rfc2 Bb7 24. Rxc5 Qd6 25. Qxa5 h5 26. Rb5 Rxb5 27. Qxb5 Ba6 28. Qc6 hxg4 29. Nxg4 Qd2 0-1

[Event "Betsys MČR v online bleskovém šachu 2021"]
[Site "Chess.com"]
[Date "2021.04.17"]
[Round "1"]
[White "Mikulas19"]
[Black "pburak"]
[Result "1-0"]
[WhiteElo "1891"]
[BlackElo "923"]
[TimeControl "180+1"]
[EndTime "9:07:09 PDT"]
[Termination "Uživatel Mikulas19 zvítězil na čas"]

1. e4 e5 2. d4 exd4 3. Qxd4 Nc6 4. Qe3 Bb4+ 5. Nc3 d6 6. Bd2 Nf6 7. O-O-O O-O 8. f3 Be6 9. g4 Bc5 10. Qe1 a5 11. g5 Nd7 12. Nge2 Nde5 13. Qg3 a4 14.
Nf4 a3 15. b3 Nd4 16. Be2 Nxe2+ 17. Ncxe2 Ng6 18. h4 f5 19. Nxe6 Qe7 20. Nxf8 Rxf8 21. Nc3 Bd4 22. h5 Ne5 23. f4 1-0

[Event "Betsys MČR v online bleskovém šachu 2021"]
[Site "Chess.com"]
[Date "2021.04.17"]
[Round "1"]
[White "Ami2013"]
[Black "Miky2610"]
[Result "0-1"]
[WhiteElo "424"]
[BlackElo "1846"]
[TimeControl "180+1"]
[EndTime "9:07:09 PDT"]
[Termination "Uživatel Miky2610 zvítězil na čas"]

1. e4 c6 2. Nf3 d5 3. exd5 cxd5 4.
Nc3 Nf6 5. Bb5+ Nc6 6. O-O e6 7. d3 Bd6 8. Bg5 h6 9. Bh4 O-O 10. h3 a6 11. Bxc6 bxc6 12. d4 Bd7 13. Qd3 c5 14. Bg5 c4 15. Qe3 Be7 16. Qf4 Nh5 17. Qg4 Bxg5 18. Qxh5 Bf4 19. Ne5 Bxe5 20. Qxe5 Qb8 21.
Qxb8 Raxb8 22. Rfe1 Rxb2 23. Re3 Rfb8 24. Rae1 Rxc2 25. Rg3 Rbb2 26. Ree3 Rxf2 27. Kh1 Rfd2 28. Kh2 Rxd4 29. Ref3 Rdd2 30. Rf4 e5 31. Rfg4 g6 32. Rh4 h5 33. Na4 Rxa2 34. Nb6 Bb5 35. Nd7 Bxd7 36. Rf3 e4 37. Rg3 Ba4 38. Rg5 c3 0-1

[Event "Betsys MČR v online bleskovém šachu 2021"]
[Site "Chess.com"]
[Date "2021.04.17"]
[Round "1"]
[White "petr812"]
[Black "TomasOrnet1"]
[Result "0-1"]
[WhiteElo "2105"]
[BlackElo "1509"]
[TimeControl "180+1"]
[EndTime "9:07:11 PDT"]
[Termination "Uživatel TomasOrnet1 zvítězil po vzdání soupeře"]

1. e4 e5 2. f4 exf4 3. Nf3 d6 4. d4 g5 5. Bc4 Be6 6. Bxe6 fxe6 7. O-O h6 8. c3 Bg7 9. Qb3 b6 10. Qxe6+ Qe7 11.
Qxe7+ Nxe7 12. Nbd2 Nd7 13. Nb3 O-O-O 14. Bd2 Kb7 15.
Rad1 Nf6 16. Rfe1 Rde8 17. e5 dxe5 18. Nxe5 Nc6 19. Re2 Nxe5 20. dxe5 Ng4 21. e6 Nf6 22. Rde1 Nd5 23. Nd4 Bxd4+ 24. cxd4 Rh7 25. Re5 c6 26. g3 fxg3 27. hxg3 Kc7 28. Rf1 Kd6 29. Rfe1 Rhe7 30. Kg2 Rxe6 31. Rxe6+ Rxe6 32. Rxe6+ Kxe6 33. Kf3 Nf6 34.
b3 Kd5 35. Be3 Ne4 36. Kg4 Nf6+ 37. Kf5 Ne4 38. g4 Nc3 39. a3 Nb5 40. Kg6 Nxd4 41. Bxd4 Kxd4 42. Kxh6 b5 43. Kxg5 c5 44. Kf4 c4 45.
bxc4 bxc4 46. Kf3 Kd3 47. g5 c3 48. Kf2 c2 49. g6 c1=Q 50. g7 Qg5 0-1

[Event "Betsys MČR v online bleskovém šachu 2021"]
[Site "Chess.com"]
[Date "2021.04.17"]
[Round "1"]
[White "JJ95"]
[Black "Anyna"]
[Result "1-0"]
[WhiteElo "2001"]
[BlackElo "1193"]
[TimeControl "180+1"]
[EndTime "9:07:11 PDT"]
[Termination "Uživatel JJ95 zvítězil na čas"]

1. e4 d5 2. exd5 Qxd5 3. Nc3 Qa5 4. d4 Nf6 5. Nf3 Nc6 6. Be2 Bg4 7. O-O O-O-O 8.
Be3 e5 9. Qc1 exd4 10. Nxd4 Bxe2 11. Ndxe2 Bb4 12. a3 Bd6 13. b4 Qe5 14. Bf4 Qh5 15.
Ng3 Qg6 16. Bxd6 Rxd6 17. Qf4 Rhd8 18. Nb5 R6d7 19. c4 a6 20. Nc3 Qd3 21. Nce2 Ne4 22.
Qxe4 Qxe4 23. Nxe4 Re7 24. N2g3 f5 25. Nc5 b6 26.
Nxa6 1-0

[Event "Betsys MČR v online bleskovém šachu 2021"]
[Site "Chess.com"]
[Date "2021.04.17"]
[Round "1"]
[White "domecek"]
[Black "Tomasn2003"]
[Result "1-0"]
[WhiteElo "1965"]
[BlackElo "1122"]
[TimeControl "180+1"]
[EndTime "9:07:12 PDT"]
[Termination "Uživatel domecek zvítězil po vzdání soupeře"]

1. d4 d5 2. Nf3 Nc6 3. g3 Nf6 4. Bg2 g6 5. O-O Bg7 6. b3 O-O 7. Bb2 Re8 8. Nbd2 Bg4 9. c4 e5 10.
dxe5 Bxf3 11. Nxf3 Nd7 12. cxd5 Ncxe5 13. Nxe5 Nxe5 14.
Qd2 c6 15. Rfd1 cxd5 16. Qxd5 Qxd5 17. Bxd5 Nc6 18. Bxg7 Kxg7 19. Bxc6 bxc6 20. e3 Rad8 21. Kf1 Rxd1+ 22. Rxd1 Kf6 23. Rd6+ Re6 24. Rxe6+ Kxe6 25. Ke2 h5 26. Kd3 Kd5 27. e4+ Ke5 28. f4+ Kd6 29. Kd4 f6 30. Kc4 a6 31. Kd4 a5 32. Kc4 g5 33. Kd4 gxf4 34. gxf4 h4 35. h3 c5+ 36. Kc4 Kc6 37. a3 Kb6 38. e5 fxe5 39. fxe5 Kc6 40. e6 a4 41. bxa4 Kd6 42. e7 Kxe7 43. Kxc5 Kd8 44.
Kd5 Kc7 45. Ke5 Kb6 46. Kf5 Ka5 47. Kg4 Kxa4 48. Kxh4 Kxa3 49. Kg5 Kb4 50. h4 Kc5 1-0

[Event "Betsys MČR v online bleskovém šachu 2021"]
[Site "Chess.com"]
[Date "2021.04.17"]
[Round "1"]
[White "Hroch-hroch"]
[Black "l_pavlasek"]
[Result "1-0"]
[WhiteElo "2289"]
[BlackElo "1657"]
[TimeControl "180+1"]
[EndTime "9:07:13 PDT"]
[Termination "Uživatel Hroch-hroch zvítězil na čas"]

1. e4 e5 2. Nf3 Nc6 3. Nc3 Bc5 4. Nxe5 Bxf2+ 5. Kxf2 Nxe5 6. d4 Ng6 7. Bc4 d6 8. Rf1 Qe7 9. Kg1 f6 10. Qh5 Be6 11.
Bxe6 Qxe6 12. Qb5+ Qd7 13. Qxb7 Rc8 14. e5 dxe5 15.
dxe5 Nxe5 16. Bf4 Qd4+ 17. Kh1 Ne7 18. Bxe5 Qxe5 19. Rae1 Qd6 20. Qxc8+ Qd8 21. Qe6 Kf8 22. Ne4 h5 23. Nxf6 gxf6 24. Rxf6+ Kg7 25. Rf7+ Kg8 26.
Rxe7+ 1-0

[Event "Betsys MČR v online bleskovém šachu 2021"]
[Site "Chess.com"]
[Date "2021.04.17"]
[Round "1"]
[White "EliasD123"]
[Black "Richarlito"]
[Result "0-1"]
[WhiteElo "1270"]
[BlackElo "2007"]
[TimeControl "180+1"]
[EndTime "9:07:13 PDT"]
[Termination "Uživatel Richarlito zvítězil matem"]

1. e4 c6 2. d4 d5 3. exd5 cxd5 4. Nc3 Nc6 5. Nf3 Nf6 6. Bf4 a6 7. h3 Bf5 8. Bd3 Bg6 9. Qd2 e6 10.
O-O Bd6 11. Bg3 O-O 12. Bh4 Be7 13. Rae1 Rc8 14. a3 b5 15. Re2 Na5 16. b3 Bxa3 17. Ra1 Bb4 18. Ne5 Bxc3 19. Qd1 Bxa1 20. Qxa1 Bxd3 21.
cxd3 Nxb3 22. Qb2 Na5 23. Re3 Qc7 24. Bxf6 Qc1+ 25. Qxc1 Rxc1+ 26. Kh2 gxf6 27. Rg3+ Kh8 28. Nd7 Rg8 29. Rxg8+ Kxg8 30. Nxf6+ Kg7 31. Ne8+ Kf8 32. Nf6 b4 33. Nxh7+ Kg7 34. Ng5 b3 35.
Nf3 b2 36. Nd2 b1=Q 37. Nxb1 Rxb1 38. Kg3 Rd1 39. Kf4 Rxd3 40. Ke5 Nc4+ 41. Kf4 Rxd4+ 42. Kg5 f6+ 43. Kh5 Ne5 44. g4 a5 45. g5 fxg5 46. Kxg5 Nf7+ 47. Kh5 Nh8 48. h4 Rxh4+ 49. Kxh4 a4 50.
Kh5 a3 51. f4 a2 52. f5 a1=Q 53. fxe6 Qe5+ 54. Kh4 Ng6+ 55. Kg4 Qe4+ 56. Kg5 Qf4+ 57. Kh5 Qh4# 0-1

[Event "Betsys MČR v online bleskovém šachu 2021"]
[Site "Chess.com"]
[Date "2021.04.17"]
[Round "1"]
[White "Jaja15F"]
[Black "jarda1955"]
[Result "0-1"]
[WhiteElo "1111"]
[BlackElo "1952"]
[TimeControl "180+1"]
[EndTime "9:07:15 PDT"]
[Termination "Uživatel jarda1955 zvítězil na čas"]

1. d4 Nf6 2. Nf3 c5 3. Bf4 e6 4.
e3 b6 5. Bd3 Bb7 6. Nc3 Be7 7.
O-O O-O 8. Nb5 d6 9. Re1 a6 10. Nc3 Nbd7 11. a3 Re8 12. e4 cxd4 13. Ne2 e5 14. Bg3 Nxe4 15. Bxe4 Bxe4 16. Nexd4 Bg6 17. Nb3 Qc7 18. c3 Rad8 19. Qe2 a5 20. Rac1 h6 21. Nbd2 Nc5 22. b4 Nd3 23. h3 Nxe1 24. Rxe1 Qxc3 25. Ne4 Qxa3 26. Nh4 Bxe4 27. Qxe4 Qxb4 28.
Qxb4 axb4 29. Nf3 Bf6 30. Rb1 e4 31. Nd2 Bc3 32. Nb3 d5 33. Bc7 Rd7 34. Bxb6 d4 35.
Rd1 d3 36. Nc5 Rd5 37. Na4 Ra8 38. Nxc3 bxc3 39. Kh2 c2 40. Rc1 d2 41. Rxc2 d1=Q 42. Rc7 Rd7 43. Rc6 Qd5 0-1

[Event "Betsys MČR v online bleskovém šachu 2021"]
[Site "Chess.com"]
[Date "2021.04.17"]
[Round "1"]
[White "FutureFideMasseur"]
[Black "rakintsev"]
[Result "1-0"]
[WhiteElo "2446"]
[BlackElo "1773"]
[TimeControl "180+1"]
[EndTime "9:07:16 PDT"]
[Termination "Uživatel FutureFideMasseur zvítězil matem"]

1. d4 d5 2. c4 c6 3. Nc3 Nf6 4.
cxd5 Nxd5 5. e4 Nxc3 6. bxc3 Nd7 7. Nf3 Nb6 8. Bd3 Bg4 9. O-O e6 10. h3 Bh5 11. a4 Be7 12. a5 Nd7 13. e5 c5 14. Be4 Rb8 15. Be3 cxd4 16. cxd4 b6 17.
axb6 axb6 18. Qb3 O-O 19. Ra7 f5 20. Qxe6+ Bf7 21. Qxf5 Bg6 22. Bd5+ Kh8 23. Qxd7 Qxd7 24. Rxd7 Bb4 25. Rc1 b5 26. Rcc7 Bc3 27. Rxc3 b4 28. Rcc7 b3 29. Bxb3 Rxb3 30. Rxg7 Rb1+ 31. Kh2 Rfb8 32.
Bg5 R1b2 33. Bf6 Rxf2 34. Rxg6# 1-0

[Event "Betsys MČR v online bleskovém šachu 2021"]
[Site "Chess.com"]
[Date "2021.04.17"]
[Round "1"]
[White "Fafin1"]
[Black "PavelNo"]
[Result "0-1"]
[WhiteElo "1193"]
[BlackElo "1997"]
[TimeControl "180+1"]
[EndTime "9:07:16 PDT"]
[Termination "Uživatel PavelNo zvítězil na čas"]

1. e4 c5 2. Bc4 e6 3. Nf3 d6 4. d3 Nc6 5. O-O Nf6 6. Bg5 Be7 7.
Nc3 a6 8. a4 b6 9. Re1 O-O 10. e5 dxe5 11. Nxe5 Nxe5 12. Rxe5 Bb7 13. Re1 Qc7 14. d4 Rad8 15. Ne2 cxd4 16. Nxd4 Qxc4 17. c3 Rfe8 18. Qc2 Rxd4 19. Bxf6 Bxf6 20. b3 Qc6 21. f3 Red8 22. Qe2 Rd2 23. Qe3 Qxc3 24. Qxc3 Bxc3 25. Rac1 R2d3 26. Rf1 Bd5 27. Rb1 a5 28.
Rfc1 h6 29. Rf1 Bd4+ 30. Kh1 Rxb3 31. Rxb3 Bxb3 32. Rc1 Bxa4 33. Rb1 Bc5 34. Re1 Bc6 35.
Rb1 a4 36. Rc1 a3 37. Ra1 Bd5 38. Rc1 a2 39. Ra1 Bd4 40. Rc1 a1=Q 41. Rxa1 Bxa1 42.
Kg1 b5 43. Kf2 b4 44. Ke1 b3 45. Kd2 b2 46. Kc2 Ba2 0-1

[Event "Betsys MČR v online bleskovém šachu 2021"]
[Site "Chess.com"]
[Date "2021.04.17"]
[Round "1"]
[White "mysacek1414"]
[Black "EDA16"]
[Result "1-0"]
[WhiteElo "1902"]
[BlackElo "973"]
[TimeControl "180+1"]
[EndTime "9:07:19 PDT"]
[Termination "Uživatel mysacek1414 zvítězil matem"]

1. e4 c5 2. Nf3 d6 3. d4 cxd4 4.
Nxd4 Nf6 5. Nc3 g6 6. Be2 Bg7 7.
Be3 O-O 8. O-O Qc7 9. f4 Nc6 10. Bf3 Nxd4 11. Bxd4 Be6 12. Re1 Rfd8 13. Qd2 d5 14. e5 Nd7 15. Bxd5 Bxd5 16. Nxd5 Qc4 17. Ne3 Qa6 18. c3 Rac8 19. Nd5 e6 20. Ne7+ Kh8 21.
Nxc8 Rxc8 22. Qe2 Qxe2 23. Rxe2 Nc5 24. Bxc5 Rxc5 25. Rd1 h6 26. Rd7 Rb5 27. Rxf7 Kg8 28. Rd7 g5 29. g3 a5 30. Kf2 Rd5 31. Rxd5 exd5 32. Rd2 Kf7 33. Rxd5 Ke6 34. Rxa5 gxf4 35. gxf4 h5 36. Kf3 Bh6 37. Ke4 h4 38. f5+ Ke7 39.
Rb5 Bg7 40. Rxb7+ Kf8 41. f6 Bh6 42. e6 Bg5 43. Rb8# 1-0

[Event "Betsys MČR v online bleskovém šachu 2021"]
[Site "Chess.com"]
[Date "2021.04.17"]
[Round "1"]
[White "DrStillestein"]
[Black "TomSedmihradsky"]
[Result "1-0"]
[WhiteElo "2106"]
[BlackElo "1446"]
[TimeControl "180+1"]
[EndTime "9:07:20 PDT"]
[Termination "Uživatel DrStillestein zvítězil po vzdání soupeře"]

1. e4 e6 2. Nf3 d5 3. e5 c5 4. c3 Nc6 5. Bb5 Bd7 6. Bxc6 Bxc6 7. d4 c4 8. O-O Be7 9. a4 a5 10. Na3 Qd7 11. Nb1 O-O-O 12. b3 b6 13. bxc4 dxc4 14. Nbd2 Bd5 15. Ba3 Bxa3 16. Rxa3 Ne7 17.
Qb1 Kb7 18. Qb2 Rc8 19. Rb1 Rc6 20. Qb5 Rhc8 21. Qxa5 Ra8 22. Qb4 Ra5 23. Qxa5 Nf5 24. Qb4 Ka6 25. Qb5+ Kb7 26. a5 Qd8 27. axb6 Rxb6 28.
Qxb6+ Qxb6 29. Rxb6+ Kxb6 30. g4 Ne7 31. Ng5 f6 32.
exf6 gxf6 33. Nxh7 f5 34. g5 Ng6 35. Nf6 Bb7 36. Nxc4+ Kb5 37. Nd6+ Kc6 38. Nxb7 Kxb7 39.
Nd7 Kc6 40. Nc5 Kd5 41. Ra6 Nf4 42. Nxe6 Kc4 43. Nxf4 Kxc3 44. Rf6 Kxd4 45. Rxf5 Ke4 46.
Rf8 Ke5 47. g6 Kd6 48. g7 1-0

[Event "Betsys MČR v online bleskovém šachu 2021"]
[Site "Chess.com"]
[Date "2021.04.17"]
[Round "1"]
[White "florenc1330"]
[Black "bezzuton"]
[Result "1-0"]
[WhiteElo "2087"]
[BlackElo "1384"]
[TimeControl "180+1"]
[EndTime "9:07:22 PDT"]
[Termination "Uživatel florenc1330 zvítězil na čas"]

1. c4 c5 2. g3 g6 3. Bg2 Bg7 4.
Nf3 Nc6 5. O-O d6 6. Nc3 Nf6 7. a3 O-O 8. Rb1 Bf5 9. d3 a5 10. Ne1 Nd7 11. Nc2 Qb6 12. Nd5 Qd8 13. b4 axb4 14.
axb4 Nd4 15. e3 Nxc2 16. Qxc2 cxb4 17. Rxb4 Nc5 18. e4 Bd7 19. Bb2 Bxb2 20. Rxb2 e5 21. Rfb1 Bc6 22. Qe2 Ra3 23. Nb4 f5 24. Nxc6 bxc6 25.
exf5 Rxf5 26. Bxc6 Qg5 27. Bd5+ Kg7 28. h4 Qf6 29. Rb8 Kh6 30. Qe3+ g5 31. Be4 Nxe4 32. Qxe4 Rxf2 33. R8b7 Qf5 34. hxg5+ 1-0

[Event "Betsys MČR v online bleskovém šachu 2021"]
[Site "Chess.com"]
[Date "2021.04.17"]
[Round "1"]
[White "dino5517"]
[Black "kalcs"]
[Result "0-1"]
[WhiteElo "1392"]
[BlackElo "2089"]
[TimeControl "180+1"]
[EndTime "9:07:25 PDT"]
[Termination "Uživatel kalcs zvítězil po vzdání soupeře"]

1. e4 e5 2. Nf3 Nc6 3. d4 exd4 4.
Nxd4 Bc5 5. Nb3 Bb6 6. Nc3 d6 7. Qf3 Nf6 8. Bg5 Ne5 9. Qg3 O-O 10. O-O-O Neg4 11. Be3 Nxe3 12. fxe3 Qe7 13. Bd3 Bg4 14. Rdf1 Bh5 15. Nd4 Bg6 16. Qf3 Rae8 17. Bc4 Nxe4 18. Nxe4 Bxe4 19. Qg3 d5 20. Bb3 c5 21. Ne2 Qe5 22.
Qxe5 Rxe5 23. Rf4 c4 24. Ba4 Bxe3+ 25. Kb1 Bxf4 26. Nxf4 a6 27. b3 b5 28. bxc4 dxc4 29. Bb3 cxb3 30. axb3 Rc8 31. Rc1 Rec5 32. Ne2 Rxc2 33.
Rxc2 Rxc2 34. Ka1 Rxe2 0-1

[Event "Betsys MČR v online bleskovém šachu 2021"]
[Site "Chess.com"]
[Date "2021.04.17"]
[Round "1"]
[White "CZMaster666"]
[Black "NikolaKusova"]
[Result "1-0"]
[WhiteElo "1868"]
[BlackElo "779"]
[TimeControl "180+1"]
[EndTime "9:07:28 PDT"]
[Termination "Uživatel CZMaster666 zvítězil matem"]

1. e4 e5 2. Nf3 Nc6 3. Bb5 Bc5 4. O-O Nf6 5. Re1 O-O 6. c3 d6 7. d4 exd4 8. cxd4 Bb4 9. Nc3 Re8 10. Bg5 h6 11. Bxf6 Qxf6 12. Nd5 Qg6 13. Nxb4 Nxb4 14. Bxe8 Bg4 15. Ba4 c6 16. a3 Na6 17. Kh1 Re8 18. e5 dxe5 19. dxe5 Nc5 20. Bc2 Nd7 21. Qd6 Qxd6 22.
exd6 Rd8 23. Ne5 Nxe5 24. Rxe5 f6 25. Re7 Rd7 26. Rxd7 Bxd7 27. Re1 Kh8 28. Re7 Kg8 29. Rxd7 Kf8 30. Re7 Kg8 31. Bg6 Kf8 32. Re8# 1-0

[Event "Betsys MČR v online bleskovém šachu 2021"]
[Site "Chess.com"]
[Date "2021.04.17"]
[Round "1"]
[White "tucnak64"]
[Black "Nevimjakhrat"]
[Result "1/2-1/2"]
[WhiteElo "2104"]
[BlackElo "1499"]
[TimeControl "180+1"]
[EndTime "9:07:29 PDT"]
[Termination "Remíza opakováním pozice"]

1. d4 Nf6 2. Nf3 e6 3. Bg5 Bb4+ 4. c3 Be7 5. Nbd2 d5 6. Ne5 Nbd7 7. Ndf3 Nxe5 8. Nxe5 Nd7 9. Bxe7 Qxe7 10. f4 Nxe5 11. fxe5 c5 12. e3 Bd7 13. Bd3 Qg5 14. Qf3 c4 15. Bc2 O-O 16. O-O f6 17. Qh3 h6 18.
exf6 Rxf6 19. Rxf6 Qxf6 20. Rf1 Qg5 21. Rf4 e5 22.
Qxd7 exf4 23. exf4 Qxf4 24. Qxd5+ Kh8 25. Be4 Rf8 26.
Bf3 Qc1+ 27. Kf2 Qxb2+ 28. Kg3 Qxc3 29. Qe5 Qc1 30. h4 c3 31. d5 c2 32. d6 Qb1 33.
Qe7 Rg8 34. d7 c1=Q 35. d8=Q Qe1+ 36. Kh3 Qxe7 37. Qxe7 Qf5+ 38. Kg3 Qg6+ 39. Kh2 Qf6 40. Qxb7 Qxh4+ 41. Kg1 Qe1+ 42. Kh2 Qh4+ 43. Kg1 Qe1+ 44. Kh2 Qh4+ 1/2-1/2

[Event "Betsys MČR v online bleskovém šachu 2021"]
[Site "Chess.com"]
[Date "2021.04.17"]
[Round "1"]
[White "SayQueen"]
[Black "Maty122"]
[Result "1-0"]
[WhiteElo "1996"]
[BlackElo "1193"]
[TimeControl "180+1"]
[EndTime "9:07:33 PDT"]
[Termination "Uživatel SayQueen zvítězil matem"]

1. e4 e5 2. Nf3 Nc6 3. Bb5 a6 4. Ba4 Nf6 5. O-O d6 6. Bxc6+ bxc6 7. d4 Be7 8. dxe5 dxe5 9. Qxd8+ Bxd8 10. Nxe5 O-O 11. f3 Re8 12. Nxc6 Bb7 13. Nxd8 Raxd8 14. Nc3 Re6 15. Bg5 h6 16. Bxf6 Rxf6 17. Rad1 Rfd6 18.
Rxd6 Rxd6 19. Rd1 Kh7 20. Rxd6 cxd6 21. Kf2 Kg6 22. Ke3 Kf6 23. Kd4 Ke6 24. Nd5 g5 25. c4 Bc6 26. Nc7+ Kd7 27. Nxa6 Ba4 28. b3 Bc6 29. Nb4 Bb7 30. c5 dxc5+ 31. Kxc5 Ke6 32. Kb6 Bc8 33. a4 f5 34. exf5+ Kxf5 35. a5 Kf4 36.
Nd5+ Ke5 37. Ne7 Be6 38. a6 Bxb3 39. a7 Ke6 40. Nc6 Bd5 41. a8=Q Kd6 42. Qd8+ Ke6 43. Kc5 Bxc6 44. Qd6+ Kf7 45. Kxc6 Ke8 46. Qxh6 Kd8 47. Qf8# 1-0